 Dungeon Crawl Stone Soup version 0.20.1-1-g8b1a95d (webtiles) character file.

7996 Heskey the Fighter (level 11, -14/95 HPs)
             Began as a Demonspawn Gladiator on Nov 9, 2017.
             Was an Initiate of Gozag.
             Demolished by Snorg (20 damage)
             ... on level 10 of the Dungeon.
             The game lasted 00:40:41 (13965 turns).

Heskey the Fighter (Demonspawn Gladiator)          Turns: 13965, Time: 00:40:41

Health: -14/95     AC: 16    Str: 23    XL:     11   Next: 4%
Magic:  0/11       EV: 18    Int: 15    God:    Gozag
Gold:   565        SH:  0    Dex: 19    Spells: 10/10 levels left

rFire    . . .     SeeInvis .   a - +1 lajatang
rCold    . . .     Gourm    .   (shield currently unavailable)
rNeg     . . .     Faith    .   l - +3 leather armour "Ukhostit" {rElec rPois rF- Stlth+}
rPois    +         Spirit   +   t - +2 hat
rElec    +         Reflect  .   z - +2 cloak
rCorr    .         Harm     .   (no gloves)
MR       .....                  (no boots)
Stlth    +++.......             (no amulet)
Regen    0.3/turn               o - ring of protection from fire
MPRegen  0.2/turn               (no ring)

@: mighty, brilliant, agile
A: antennae 1, iridescent scales 2, powered by pain 2, magic shield
a: Potion Petition, Call Merchant, Bribe Branch, Renounce Religion


You were on level 10 of the Dungeon.
You worshipped Gozag.
Gozag was pleased with you.
You were not hungry.

You visited 2 branches of the dungeon, and saw 11 of its levels.
You also visited: Sewer.

You collected 1596 gold pieces.
You spent 602 gold pieces at shops.
You paid 429 gold pieces to Gozag.

Inventory:

Hand Weapons
 a - a +1 lajatang (weapon)
 j - a +2 quarterstaff of speed
 r - a +3 quarterstaff of pain
Missiles
 n - 13 tomahawks (quivered)
 u - 4 poisoned tomahawks
Armour
 l - the +3 leather armour "Ukhostit" (worn) {rElec rPois rF- Stlth+}
   (You took it off a gnoll sergeant on level 7 of the Dungeon)

   It makes you vulnerable to fire.
   It insulates you from electricity.
   It protects you from poison.
   It makes you more stealthy.
 m - a +1 chain mail
 t - a +2 hat (worn)
 z - a +2 cloak (worn)
Jewellery
 o - a ring of protection from fire (left hand)
Wands
 d - a wand of digging (11/24)
 k - a wand of clouds (6/9)
 p - a wand of iceblast (6/15)
 w - a wand of paralysis (13/24)
 x - a wand of lightning (10/15)
 y - a wand of flame (25/48)
 B - a wand of confusion (24/48)
Scrolls
 c - a scroll of remove curse
 e - 7 scrolls of identify
 h - a scroll of enchant weapon
 i - 6 scrolls of teleportation
Potions
 b - 4 potions of curing
 g - a potion of flight
 q - 2 potions of haste
 v - 2 potions of heal wounds
 E - a potion of lignification
Books
 f - a book of Necromancy

   Spells                             Type                      Level
   a - Pain                           Necromancy                   1
   b - Animate Skeleton               Necromancy                   1
   c - Vampiric Draining              Necromancy                   3
   d - Regeneration                   Charms/Necromancy            3
   e - Animate Dead                   Necromancy                   4
   f - Control Undead                 Necromancy                   4
 s - a book of Cantrips

   Spells                             Type                      Level
   a - Confusing Touch                Hexes                        1
   b - Animate Skeleton               Necromancy                   1
   c - Summon Small Mammal            Summoning                    1
   d - Apportation                    Translocation                1
Comestibles
 A - 6 fruits
 C - 2 bread rations
 D - 2 meat rations


   Skills:
 * Level 11.9 Fighting
 + Level 8.3 Staves
 - Level 1.7 Throwing
 + Level 8.0 Armour
 - Level 2.6 Dodging


You had 10 spell levels left.
You didn't know any spells.

Dungeon Overview and Level Annotations

Branches:
Dungeon (10/15)            Temple (1/1) D:4            Lair (0/6) D:9
    Orc (0/2) D:9

Altars:
Ashenzari
Cheibriados
Dithmenos
Elyvilon
Fedhas
Gozag
Hepliaklqana
Kikubaaqudgha
Makhleb
Nemelex Xobeh
Okawaru
Qazlal
Ru
Sif Muna
Trog
Uskayaw
Vehumet
Xom
Yredelemnul
Zin
The Shining One

Shops:
D:7 ?([=}   D:9 [

Annotations:
D:10 Snorg


Innate Abilities, Weirdness & Mutations

You have a pair of small antennae on your head.
You are mostly covered in iridescent scales. (AC +4)
You sometimes gain power by taking damage.
When hurt, damage is shared between your health and your magic reserves.


Message History

You slash Snorg!
Snorg is moderately wounded.
Snorg bites you! Snorg claws you. Snorg claws you!
You slice Snorg!!
Snorg is heavily wounded.
Snorg bites you. Snorg barely misses you. Snorg misses you. Snorg bites you.
Snorg claws you! Snorg claws you.
* * * LOW HITPOINT WARNING * * *
You slash Snorg!
Snorg is heavily wounded.
Snorg bites you!
* * * LOW HITPOINT WARNING * * *
Snorg claws you!
* * * LOW HITPOINT WARNING * * *
Snorg misses you.
You barely miss Snorg.
Snorg is heavily wounded.
Snorg bites you!!
You die...
Your body crumbles into a pile of gold.

#............####........
#............# #....≈...
#............# #........
###.##'######### #........
#.. #.# #........ #...
#.##### #........
#....#.....###############
#.......................#
....#.#...#@############.#
#. ...#.#.#.T....... ..#.#
#.# #.#.#..#########.#.#
... #.#.#.........##{#.#
#.# #.#.#..#.####.##.#.#
#. #.#.#..#......##.#.#
#.#.#..#.#######.#.#
#..#.........#.#
#..#########.#.#


You could see Snorg (berserk).

Vanquished Creatures
  A centaur warrior (D:9)
  A two-headed ogre (D:9)
  Joseph (D:9)
  A merfolk (D:9)
  The ghost of Peacelily the Slasher, an amateur HOMo of Beogh (D:3)
  3 yaks (D:10)
  2 hungry ghosts (D:7)
  Menkaure (D:7)
  An acid dragon (D:8)
  A sky beast (D:6)
  2 black bears (D:9)
  2 necrophages (D:7)
  8 orc warriors
  6 ogres
  5 centaurs
  A phantom (D:7)
  3 big kobolds (Sewer)
  2 gnoll sergeants
  6 bullfrogs
  3 scorpions
  5 killer bees (D:8)
  4 wights (D:9)
  2 howler monkeys (D:8)
  3 crimson imps
  2 bullfrog zombies (D:9)
  A quasit (D:7)
  6 hounds
  9 orc priests
  2 jellies
  2 bullfrog skeletons
  An iguana (D:6)
  8 orc wizards
  4 worker ants
  Terence (D:2)
  A hound skeleton (D:5)
  19 adders
  10 gnolls (D:7)
  3 river rats
  3 shadow imps
  An ooze (D:2)
  2 adder skeletons (D:6)
  10 worms
  A dart slug (D:3)
  4 leopard geckos
  39 orcs
  5 giant cockroaches
  8 goblins
  6 hobgoblins
  A jackal (D:2)
  14 kobolds
  5 quokkas
  6 ball pythons
  6 bats
  7 frilled lizards
  A leopard gecko zombie (D:6)
  2 quokka zombies (D:6)
  5 rats
260 creatures vanquished.

Vanquished Creatures (collateral kills)
  An iguana (D:7)
1 creature vanquished.

Grand Total: 261 creatures vanquished

Notes
Turn   | Place    | Note
-------+----------+-------------------------------------------
     0 | D:1      | Heskey the Demonspawn Gladiator began the quest for the Orb.
     0 | D:1      | Reached XP level 1. HP: 16/16 MP: 1/1
   393 | D:1      | Gained mutation: You are partially covered in iridescent scales. (AC +2) [demonic ancestry]
   393 | D:1      | Reached XP level 2. HP: 23/23 MP: 2/2
   948 | D:2      | Noticed Terence
  1323 | D:2      | Reached skill level 1 in Armour
  1364 | D:2      | Reached XP level 3. HP: 27/28 MP: 3/3
  1437 | D:2      | Reached skill level 3 in Fighting
  1940 | D:2      | Gained mutation: You sometimes gain a little power by taking damage. [demonic ancestry]
  1940 | D:2      | Reached XP level 4. HP: 35/35 MP: 4/4
  2227 | D:2      | Killed Terence
  2601 | D:3      | Found an ancient bone altar of Kikubaaqudgha.
  2631 | D:3      | Reached XP level 5. HP: 42/42 MP: 5/5
  2709 | D:3      | Found a glowing drain.
  2755 | D:3      | Reached skill level 4 in Fighting
  2760 | D:3      | Noticed Peacelily's ghost (amateur HOMo)
  2889 | D:3      | Killed Peacelily's ghost
  2889 | D:3      | Gained mutation: When hurt, damage is shared between your health and your magic reserves. [demonic ancestry]
  2889 | D:3      | Reached XP level 6. HP: 49/49 MP: 6/6
  2903 | Sewer    | Entered a sewer
  3225 | Sewer    | Reached skill level 5 in Fighting
  3240 | Sewer    | Gained mutation: You sometimes gain power by taking damage. [demonic ancestry]
  3240 | Sewer    | Reached XP level 7. HP: 36/56 MP: 5/7
  4677 | D:4      | Reached skill level 6 in Fighting
  5650 | D:4      | Reached skill level 5 in Staves
  5650 | D:4      | Reached XP level 8. HP: 65/65 MP: 8/8
  5674 | D:4      | Found a staircase to the Ecumenical Temple.
  5710 | Temple   | Entered the Ecumenical Temple
  5775 | Temple   | Became a worshipper of Gozag Ym Sagoz the Greedy
  5906 | D:4      | Found a glowing silver altar of Zin.
  6177 | D:4      | Found a deep blue altar of Sif Muna.
  6345 | D:4      | Reached skill level 7 in Fighting
  6517 | D:5      | Entered Level 5 of the Dungeon
  6599 | D:5      | Found a shattered altar of Ashenzari.
  7472 | D:6      | Found a basalt altar of Yredelemnul.
  7481 | D:6      | Found a glowing golden altar of the Shining One.
  7507 | D:6      | Found a hide-covered altar of Uskayaw.
  7556 | D:6      | Found a bloodstained altar of Trog.
  7608 | D:6      | Reached skill level 5 in Armour
  8071 | D:6      | Reached skill level 8 in Fighting
  8419 | D:6      | Found a snail-covered altar of Cheibriados.
  8443 | D:6      | Noticed an angel
  8535 | D:7      | Reached XP level 9. HP: 69/73 MP: 7/9
  8584 | D:7      | Found Onnavuny's Antique Weapon Boutique.
  8592 | D:7      | Bought a glowing quarterstaff for 140 gold pieces
  8608 | D:7      | Bought a lajatang for 300 gold pieces
  8948 | D:7      | Found Jyask's Magic Scroll Shop.
  8952 | D:7      | Bought a scroll of teleportation for 39 gold pieces
  9506 | D:7      | Got an ancient leather armour
  9507 | D:7      | Identified the +3 leather armour "Ukhostit" {rElec rPois rF- Stlth+} (You took it off a gnoll sergeant on level 7 of the Dungeon)
  9871 | D:7      | Reached skill level 9 in Fighting
  9898 | D:7      | Found Vifol's Armour Shoppe.
  9919 | D:7      | Found a burning altar of Makhleb.
  9921 | D:7      | Noticed Menkaure
 10419 | D:7      | Found Siwneen's Gadget Shoppe.
 10467 | D:7      | Found Affu's Jewellery Shop.
 10581 | D:7      | Killed Menkaure
 11101 | D:7      | Bought a scroll of summoning for 123 gold pieces
 11160 | D:8      | Reached skill level 10 in Fighting
 11381 | D:8      | Gained mutation: You have a pair of small antennae on your head. [demonic ancestry]
 11381 | D:8      | Reached XP level 10. HP: 70/85 MP: 10/10
 11419 | D:8      | Found a blossoming altar of Fedhas.
 12093 | D:9      | Noticed Joseph
 12116 | D:9      | Killed Joseph
 12553 | D:9      | Found Kump's Antique Armour Shoppe.
 12630 | D:9      | Found a staircase to the Orcish Mines.
 12750 | D:9      | Noticed a two-headed ogre
 12758 | D:9      | Killed a two-headed ogre
 12758 | D:9      | Reached skill level 11 in Fighting
 13023 | D:9      | Found a staircase to the Lair.
 13328 | D:9      | Noticed a centaur warrior
 13349 | D:9      | Killed a centaur warrior
 13644 | D:10     | Entered Level 10 of the Dungeon
 13876 | D:10     | Gained mutation: You are mostly covered in iridescent scales. (AC +4) [demonic ancestry]
 13876 | D:10     | Reached XP level 11. HP: 86/95 MP: 8/11
 13956 | D:10     | Noticed Snorg
 13965 | D:10     | Demolished by Snorg

Skill      XL: |  1  2  3  4  5  6  7  8  9 10 11 |
---------------+----------------------------------+-----
Armour         | 1 2 3 4 5 6 7 8 |  8.0
Staves         | 3 4 5 6 7 8 |  8.3
Fighting       | 3 4 5 6 8 10 11 | 11.9
Throwing       | |  1.7
Dodging        | |  2.6

Action                   |  1- 3 |  4- 6 |  7- 9 | 10-12 || total
-------------------------+-------+-------+-------+-------++-------
Melee: Quarterstaff      |   108 |   183 |   610 |   221 ||  1122
       Lajatang          |       |       |       |    52 ||    52
Throw: Throwing net      |       |     3 |     1 |     1 ||     5
       Tomahawk          |       |       |     5 |     2 ||     7
Invok: Potion Petition   |       |       |     1 |     1 ||     2
  Use: Potion            |       |     5 |    11 |     2 ||    18
       Scroll            |       |     3 |    15 |     2 ||    20
 Stab: Distracted        |       |       |     6 |     3 ||     9
       Sleeping          |       |       |     1 |     1 ||     2
  Eat: Bread ration      |     1 |       |     4 |     2 ||     7
       Chunk             |       |     2 |     1 |       ||     3
       Meat ration       |       |     1 |     1 |       ||     2
       Fruit             |       |       |     5 |       ||     5
       Royal jelly       |       |       |     1 |       ||     1
Armor: Leather armour    |    42 |    11 |    51 |    90 ||   194
       Ring mail         |       |    53 |    64 |       ||   117
       Chain mail        |       |       |   134 |       ||   134
Dodge: Dodged            |    85 |   141 |   331 |   161 ||   718
